 Dungeon Crawl Stone Soup version 0.31-a0-246-g8cbcc1cb85 (webtiles) character file.

Game seed: 15786768200182771606

1487 vineage the Fighter (level 8, 0/56 HPs)
             Began as a Gargoyle Fighter on July 12, 2023.
             Slain by Maggie
             ... wielding a +0 scimitar of flaming
              (7 damage)
             ... on level 6 of the Dungeon.
             The game lasted 00:05:27 (4638 turns).

vineage the Fighter (Gargoyle Fighter)              Turns: 4638, Time: 00:05:29

Health: 0/56       AC: 20    Str: 21    XL:     8   Next: 80%
Magic:  8/8        EV:  5    Int: 10    God:
Gold:   368        SH:  5    Dex: 15    Spells: 7/7 levels left

rFire   . . .        a - +0 flail
rCold   . . .        c - +0 buckler
rNeg    + . .        n - +0 plate armour
rPois   ∞            (no helmet)
rElec   +            x - +0 cloak
rCorr   .            f - +0 pair of gloves
SInv    .            w - +0 pair of boots
Will    .....        h - amulet of regeneration Stlth
                     m - +6 ring of dexterity
HPRegen 1.09/turn    (no ring)
MPRegen 0.11/turn

%: no passive effects
@: on berserk cooldown, mesmerised, slowed, very slow
A: sickness immunity, AC +5, negative energy resistance 1, electricity
resistance, torment resistance 1, petrification resistance
a: no special abilities


You were on level 6 of the Dungeon.
You visited 1 branch of the dungeon, and saw 6 of its levels.
You also visited: Sewer.

You collected 368 gold pieces.

Inventory:

Hand Weapons
 a - a +0 flail (weapon)
Armour
 c - a +0 buckler (worn)
 f - a +0 pair of gloves (worn)
 n - a +0 plate armour (worn)
 w - a +0 pair of boots (worn)
 x - a +0 cloak (worn)
Jewellery
 e - a ring of wizardry
 h - an amulet of regeneration (around neck)
 l - a ring of fire
 m - a +6 ring of dexterity (left hand)
 u - an amulet of magic regeneration
Talismans
 o - a beast talisman
Wands
 b - a wand of flame (24)
 p - a wand of roots (7)
Scrolls
 i - 3 scrolls of teleportation
 r - 3 scrolls of vulnerability
 s - 2 scrolls of identify
 v - a scroll of summoning {unknown}
 y - a scroll of blinking {unknown}
 A - a scroll of amnesia {unknown}
Potions
 d - 6 potions of might
 g - 2 potions of brilliance {unknown}
 j - 3 potions of curing
 k - a potion of haste
 q - 2 potions of ambrosia
 z - 2 potions of enlightenment {unknown}


   Skills:
 + Level 8.9 Fighting
 + Level 7.8 Maces & Flails
 + Level 3.2 Armour
 + Level 3.2 Shields


You had 7 spell levels left.
You didn't know any spells.
Your spell library contained the following spells:

 Spells                   Type           Power      Damage    Failure   Level
 Apportation              Tloc           0%         N/A       100%        1
 Sting                    Tmut/Pois      0%         1d3       100%        1
 Passwall                 Tmut/Erth      0%         N/A       100%        2
 Frozen Ramparts          Ice            0%         1d1       100%        3
 Gell's Gravitas          Tloc           0%         N/A       100%        3
 Teleport Other           Tloc           0%         N/A       100%        3
 Summon Ice Beast         Ice/Summ       0%         N/A       100%        4
 Alistair's Intoxication  Tmut/Pois      0%         N/A       100%        5
 Dispersal                Tloc           0%         N/A       100%        6


Dungeon Overview and Level Annotations

Branches:
Dungeon (6/15)              Sewer (visited)
 Temple: D:4-7

Altars:
Cheibriados
Gozag
Qazlal
Vehumet
Wu Jian
Xom
Zin
The Shining One

Shops:
D:4 *

Annotations:
D:3 exclusion: statue
D:6 Maggie


Innate Abilities, Weirdness & Mutations

You are immune to sickness and miasma.
Your stone body is resilient. (AC +5)
You are immune to poison.
You resist negative energy. (rN+)
You are resistant to electric shocks. (rElec)
You are resistant to unholy torment.
You are immune to petrification.


Message History

You hit Maggie.
Maggie is almost dead.
Maggie hits you but does no damage. You block Maggie's attack.
You barely miss Maggie.
Maggie is almost dead.
You block Maggie's attack.
You hit Maggie.
Maggie is almost dead.
Maggie barely misses you.
Maggie hits you with a +0 scimitar of flaming!
* * * LOW HITPOINT WARNING * * *
Maggie burns you.
* * * LOW HITPOINT WARNING * * *
You feel better.
Maggie gestures wildly while chanting.
Maggie attempts to bespell you!
You are mesmerised by Maggie!
You barely miss Maggie.
Maggie is almost dead.
Maggie casts a spell at you. The bolt of fire hits you!
* * * LOW HITPOINT WARNING * * *
Maggie hits you but does no damage.
You feel better. You block Maggie's attack.
You hit Maggie.
Maggie is almost dead.
Maggie casts a spell at you.
The bolt of fire hits you but does no damage.
Maggie mumbles some strange words.
Maggie draws you further into her thrall.
You hit Maggie.
Maggie is almost dead.
Maggie hits you but does no damage.
You barely miss Maggie.
Maggie is almost dead.
Maggie points at you and mumbles some strange words.
The bolt of fire hits you!
* * * LOW HITPOINT WARNING * * *
Maggie hits you with a +0 scimitar of flaming!
You die...

### #.# ..#
#.# ..# ###
#.# ..# ..#
#.# ..# #.#
#.# ..#
#.#######.#
..#
#.##....<.#
..#
####.##.##...#
..#
#..@@........#
.##
#.#.###.#....#
... ...
#.#....# ....
###. #.#....#
.... ..
#.#...... ....
## #.####.##
... ... .# ...
.# ...


You could see Maggie (mesmerising).

Vanquished Creatures
  Sigmund (D:3)
  A steam dragon (D:6)
  A water moccasin (D:3)
  A sky beast (D:6)
  Pargi (Sewer)
  An orc warrior (D:6)
  A phantom (D:6)
  A bullfrog (D:6)
  A scorpion (D:4)
  A howler monkey (D:3)
  A crimson imp (D:5)
  2 hounds
  An orc priest (D:6)
  A jelly (D:6)
  Terence (D:3)
  4 orc wizards
  Ijyb (D:3)
  An iguana (D:5)
  9 adders
  A gnoll (D:1)
  A shadow imp (D:5)
  A white imp (D:5)
  A worm (D:3)
  5 dart slugs
  21 orcs
  6 endoplasms
  3 giant cockroaches
  11 goblins
  9 hobgoblins
  7 kobolds
  4 quokkas
  12 ball pythons
  20 bats
  A frilled lizard (D:3)
  12 rats
146 creatures vanquished.

Notes
Turn   | Place    | Note
-------+----------+-------------------------------------------
     0 | D:1      | vineage the Gargoyle Fighter began the quest for the Orb.
     0 | D:1      | Reached XP level 1. HP: 14/14 MP: 1/1
   152 | D:1      | Reached XP level 2. HP: 19/19 MP: 2/2
   509 | D:1      | Reached XP level 3. HP: 24/24 MP: 3/3
   528 | D:1      | Reached skill level 4 in Fighting
  1160 | D:2      | Reached XP level 4. HP: 30/30 MP: 4/4
  1365 | D:2      | Got Wuyru's Secrets of Glaciation and Transformation
  1745 | D:3      | Noticed a water moccasin
  1769 | D:3      | Killed a water moccasin
  1770 | D:3      | Reached skill level 5 in Fighting
  1770 | D:3      | Reached XP level 5. HP: 17/35 MP: 5/5
  1774 | D:3      | Reached XP level 6. HP: 25/40 MP: 6/6
  1825 | D:3      | Found a snail-covered altar of Cheibriados.
  1836 | D:3      | Noticed Terence
  1847 | D:3      | Killed Terence
  1911 | D:3      | Found a shimmering altar of Xom.
  2016 | D:3      | Found a radiant altar of Vehumet.
  2063 | D:3      | Found a faded altar of an unknown god.
  2063 | D:3      | Noticed Ijyb
  2113 | D:3      | Killed Ijyb
  2189 | D:3      | Noticed Sigmund
  2193 | D:3      | Reached skill level 6 in Fighting
  2193 | D:3      | Reached skill level 5 in Maces & Flails
  2210 | D:3      | Killed Sigmund
  2211 | D:3      | Reached XP level 7. HP: 47/47 MP: 7/7
  2421 | D:3      | Found a glowing drain.
  2433 | Sewer    | Entered a sewer
  2475 | Sewer    | Noticed Pargi
  2495 | Sewer    | Killed Pargi
  2706 | D:4      | Identified the +1 robe "Bifen" {Will+ Int+2}
  2768 | D:4      | Found Zin's Purification Station.
  2794 | D:4      | Found a glowing silver altar of Zin.
  2897 | D:4      | Reached skill level 7 in Fighting
  2993 | D:4      | Found a stormy altar of Qazlal.
  3241 | D:5      | Entered Level 5 of the Dungeon
  3464 | D:5      | Found an ornate altar of the Wu Jian Council.
  3903 | D:5      | Found an opulent altar of Gozag.
  4105 | D:5      | Reached XP level 8. HP: 52/53 MP: 8/8
  4287 | D:6      | Reached skill level 8 in Fighting
  4405 | D:6      | Found a glowing golden altar of the Shining One.
  4612 | D:6      | Noticed Maggie
  4638 | D:6      | Slain by Maggie

Illustrated notes

Levels and vault maps discovered:
D:1:      dpeg_arrival_ratfight, layout_basic, minmay_vboxes
D:2:      layout_basic
D:3:      wander_river, layout_basic, vehumet_statue, lemuel_tele_altar,
          kennysheep_slug_shrine, cheibrodos_sewer_entry_bend,
          basic_ecumenical_altar, uniq_terence, uniq_sigmund, uniq_ijyb
D:4:      layout_rooms, zin_purify, mainiacjoe_overflow_24_doors
D:5:      dreamdust_elfheim, layout_basic, nicolae_wu_jian_wuxing_cycle,
          mainiacjoe_overflow_cross_hatched, minmay_fire_ice_demons
D:6:      layout_basic, grunt_temple_overflow_open, mainiacjoe_overflow_paths,
          uniq_maggie

Skill      XL: |  1  2  3  4  5  6  7  8 |
---------------+-------------------------+-----
Fighting       | 4 5 6 7 8 |  8.9
Maces & Flails | 3 4 5 6 7 |  7.8
Armour         | |  3.2
Shields        | |  3.2

Action                     |  1- 3 |  4- 6 |  7- 9 || total
---------------------------+-------+-------+-------++-------
  Melee: Flail             |   101 |   196 |   283 ||   580
    Use: Scroll            |     2 |       |     6 ||     8
         Potion            |       |       |     3 ||     3
 Armour: Scale mail        |    56 |    86 |       ||   142
         Plate armour      |       |    63 |   277 ||   340
  Dodge: Dodged            |    45 |    88 |    63 ||   196
  Block: Buckler           |    23 |    53 |    76 ||   152

Table legend: (Time is in decaauts)
 A = Elapsed time spent in this place.
 B = Non-inter-level travel time spent in this place.
 C = Inter-level travel time spent in this place.
 D = Time resting spent in this place.
 E = Time spent auto-exploring this place.
 F = Levels seen in this place.
 G = Mean time per level.
                   A        B        C        D        E       F      G
               +--------+--------+--------+--------+--------+-----+--------+
         Total |   4755 |   4535 |    220 |     72 |   3275 |   7 |  679.3 |
       Dungeon |   4638 |   4418 |    220 |     72 |   3226 |   6 |  773.0 |
         Sewer |    117 |    117 |      0 |      0 |     49 |   1 |  117.0 |
               +--------+--------+--------+--------+--------+-----+--------+

Top non-repeatable levels by time:
     D:1: 1152 daAuts
     D:5: 1016 daAuts
     D:3: 862 daAuts
     D:2: 640 daAuts
     D:4: 570 daAuts
     D:6: 396 daAuts
   Sewer: 117 daAuts
